 Dungeon Crawl Stone Soup version 0.27-a0-1228-gfd60fd639a (webtiles) character file.

Game seed: 1723885895280445975

28 soylentgreeen202 the Sneak (level 3, 0/29 HPs)
             Began as a Human Delver on June 7, 2021.
             Was an Initiate of Hepliaklqana.
             Slain by an orc priest
             ... wielding a +0 club
              (5 damage)
             ... on level 3 of the Dungeon on June 8, 2021.
             The game lasted 00:06:14 (700 turns).

soylentgreeen202 the Sneak (Human Delver)            Turns: 700, Time: 00:06:15

Health: 0/29       AC:  5    Str: 12    XL:     3   Next: 27%
Magic:  3/3        EV: 12    Int: 10    God:    Hepliaklqana [......]
Gold:   9          SH:  0    Dex: 15    Spells: 2/2 levels left

rFire    . . .     SeeInvis .   a - +0 short sword
rCold    . . .     Faith    .   (no shield)
rNeg     . . .     Spirit   .   b - +0 leather armour
rPois    .         Reflect  .   (no helmet)
rElec    .         Harm     .   (no cloak)
rCorr    .         Rampage  .   h - +1 pair of gloves
Will     .....                  (no boots)
Stlth    +++.......             (no amulet)
HPRegen  0.09/turn              (no ring)
MPRegen  0.08/turn              (no ring)

@: no status effects
A: no striking features
a: Renounce Religion


You were on level 3 of the Dungeon.
You worshipped Hepliaklqana.
Hepliaklqana was noncommittal.
You visited 2 branches of the dungeon, and saw 5 of its levels.

You collected 9 gold pieces.

Inventory:

Hand Weapons
 a - a +0 short sword (weapon)
Armour
 b - a +0 leather armour (worn)
 h - a +1 pair of gloves (worn)
Wands
 g - a wand of digging (3)
Scrolls
 c - a scroll of fog
 d - a scroll of magic mapping
 e - a scroll of fear
Potions
 f - a potion of haste


   Skills:
 + Level 3.2 Fighting
 + Level 2.0 Short Blades
 + Level 0.3 Armour
 + Level 2.1 Dodging
 + Level 5.6 Stealth


You had 2 spell levels left.
You didn't know any spells.
Your spell library was empty.

Dungeon Overview and Level Annotations

Branches:
Dungeon (6/15)             Temple (1/1) D:6

Altars:
Cheibriados
Elyvilon
Fedhas
Gozag
Hepliaklqana
Kikubaaqudgha
Makhleb
Nemelex Xobeh
Qazlal
Sif Muna
Trog
Uskayaw
Vehumet
Wu Jian
Xom
Yredelemnul
Zin
The Shining One

Annotations:
D:4 Robin


Message History

The giant cockroach closely misses you. The orc priest hits you with a +0 club.
You hit the giant cockroach but do no damage.
The giant cockroach bites you but does no damage.
The orc priest barely misses you.
You barely miss the giant cockroach. The giant cockroach bites you.
The orc priest misses you.
You hit the giant cockroach but do no damage.
The giant cockroach barely misses you.
The orc priest looks encouraged for a moment.
The giant cockroach bites you but does no damage.
You hit the giant cockroach but do no damage.
The giant cockroach bites you but does no damage.
The orc priest misses you.
You completely miss the giant cockroach.
The giant cockroach bites you but does no damage.
The orc priest hits you with a +0 club.
You barely miss the orc priest. The giant cockroach barely misses you.
The orc priest invokes the aid of Beogh against you.
Beogh smites you!
You barely miss the orc priest. The giant cockroach barely misses you.
The orc priest hits you but does no damage.
You hit the orc priest.
The orc priest is moderately wounded.
The giant cockroach closely misses you. The orc priest barely misses you.
The giant cockroach barely misses you.
You hit the orc priest.
The orc priest is heavily wounded.
The giant cockroach closely misses you. The orc priest closely misses you.
You hit the orc priest.
The orc priest is severely wounded.
The giant cockroach bites you. The orc priest barely misses you.
You closely miss the orc priest.
The orc priest is severely wounded.
The giant cockroach bites you but does no damage.
The orc priest hits you with a +0 club.
* * * LOW HITPOINT WARNING * * *
You hit the orc priest.
The orc priest is almost dead.
The giant cockroach barely misses you. The orc priest hits you with a +0 club.
You die...

### #..
#.# #.#
.######B#
......o@#
...######


You could see an orc priest and a giant cockroach.

Vanquished Creatures
  A centaur skeleton (D:6)
1 creature vanquished.

Notes
Turn   | Place    | Note
-------+----------+-------------------------------------------
     0 | D:5      | soylentgreeen202 the Human Delver began the quest for the
                  | Orb.
     0 | D:5      | Reached XP level 1. HP: 18/18 MP: 1/1
     3 | D:6      | Found a staircase to the Ecumenical Temple.
    11 | Temple   | Entered the Ecumenical Temple
   207 | Temple   | Became a worshipper of Hepliaklqana the Forgotten
   218 | Temple   | Upgraded the game from 0.27-a0-1219-g958d993ae5 to
                  | 0.27-a0-1228-gfd60fd639a
   258 | D:6      | Reached XP level 2. HP: 7/24 MP: 2/2
   258 | D:6      | Reached XP level 3. HP: 9/29 MP: 3/3
   597 | D:5      | Noticed a black bear
   626 | D:4      | Noticed Robin
   673 | D:5      | Noticed a phantom
   683 | D:4      | Noticed a scorpion
   700 | D:3      | Slain by an orc priest

Illustrated notes

Levels and vault maps discovered:
D:3:      layout_basic, minitemple, hellmonk_ecumenical_altar_leap_of_faith,
          gammafunk_ghost_stat_death
D:4:      layout_rooms, uniq_robin
D:5:      layout_cave_pods, nicolae_dithmenos_the_darkroom, grunt_ministairs_10,
          hangedman_glass_teeth, minmay_misc_feat_columns, uniq_pikel
D:6:      layout_basic, overflow_temple_1_default,
          minmay_temple_entry_water_ring, kennysheep_cluttered_room,
          uniq_blork_the_orc, uniq_maggie
Temple:   regret_index_temple_mists

Action                   || total
-------------------------++-------
Melee: Short sword       ||    23
Armor: Leather armour    ||    15
Dodge: Dodged            ||    32

Table legend: (Time is in decaauts)
 A = Elapsed time spent in this place.
 B = Non-inter-level travel time spent in this place.
 C = Inter-level travel time spent in this place.
 D = Time resting spent in this place.
 E = Time spent auto-exploring this place.
 F = Levels seen in this place.
 G = Mean time per level.
                   A        B        C        D        E       F      G
               +--------+--------+--------+--------+--------+-----+--------+
         Total |    770 |    747 |     23 |    243 |    207 |   5 |  154.0 |
       Dungeon |    492 |    469 |     23 |    243 |      0 |   4 |  123.0 |
        Temple |    278 |    278 |      0 |      0 |    207 |   1 |  278.0 |
               +--------+--------+--------+--------+--------+-----+--------+

Top non-repeatable levels by time:
     D:6: 386 daAuts
  Temple: 278 daAuts
     D:5: 69 daAuts
     D:4: 24 daAuts
     D:3: 12 daAuts
